 Dungeon Sprint DCSS version 0.26-a0-652-gafc20e3620 (webtiles) character file.

Game seed: 13184934839043573275

100 mhtbhm the Shield-Bearer (level 5, -12/45 HPs)
             Began as a Formicid Fighter on Oct 4, 2020.
             Killed from afar by a deep elf mage (25 damage)
             ... with a bolt of negative energy
             ... in the Dungeon (Sprint III: "The Ten Rune Challenge").
             The game lasted 00:01:49 (638 turns).

mhtbhm the Shield-Bearer (Formicid Fighter)          Turns: 638, Time: 00:01:50

Health: -12/45     AC:  7    Str: 21    XL:     5   Next: 3%
Magic:  5/5        EV:  9    Int: 10    God:
Gold:   31         SH: 10    Dex: 10    Spells: 4/4 levels left

rFire    + . .     SeeInvis +   a - +0 long sword
rCold    . . .     Faith    .   c - +0 kite shield
rNeg     . . .     Spirit   .   b - +0 scale mail
rPois    .         Reflect  .   (helmet unavailable)
rElec    .         Harm     .   (no cloak)
rCorr    .         Rampage  .   (no gloves)
MR       .....                  (no boots)
Stlth    ..........             (no amulet)
HPRegen  0.55/turn              (no ring)
MPRegen  0.09/turn              (no ring)

@: mighty, drained
A: permanent stasis, dig shafts and tunnels, four strong arms, antennae 3,
clever 1, fire resistance 1, regeneration 1, subdued magic 1
a: Dig


You were in the Dungeon.
You visited 1 branch You collected 31 gold pieces.

Inventory:

Hand Weapons
 a - a +0 long sword (weapon)
Armour
 b - a +0 scale mail (worn)
 c - a +0 kite shield (worn)
Scrolls
 i - 3 scrolls of remove curse
 j - 2 scrolls of holy word {unknown}
 k - 2 scrolls of identify
 l - 2 scrolls of enchant armour {unknown}
Potions
 e - a potion of curing
 g - 2 potions of magic
 h - a potion of brilliance {unknown}
 m - a potion of lignification {unknown}
 n - a potion of haste {unknown}
 o - 2 potions of flight
 p - 3 potions of mutation


   Skills:
 + Level 5.6(5.0) Fighting
 + Level 4.1(3.6) Long Blades
 + Level 6.3(5.6) Armour
 + Level 1.0(0.5) Dodging
 + Level 0.4(0.0) Stealth
 + Level 6.5(5.9) Shields


You had 4 spell levels left.
You didn't know any spells.
Your spell library was empty.

Dungeon Overview and Level Annotations

Branches:
Dungeon (1/1)

Altars:
Elyvilon
Zin
The Shining One


Innate Abilities, Weirdness & Mutations

You cannot be hasted, slowed, berserked, paralysed or teleported.
You can dig through walls and to a lower floor.
Your four strong arms can wield two-handed weapons with a shield.
You have a pair of large antennae on your head. (SInv)
Your mind is acute. (Int +2)
Your flesh is heat resistant. (rF+)
Your natural rate of healing is unusually fast.
Your spells are a little easier to cast, but a little less powerful.


Message History

The smoke demon hits you but does no damage.
You block the smoke demon's attack. The smoke demon hits you.
The deep elf mage hits you but does no damage.
Unknown command.
You slice the deep elf mage!!
The deep elf mage is severely wounded.
You block the hell rat's attack. The smoke demon barely misses you.
The smoke demon hits you but does no damage.
The smoke demon hits you.
The deep elf mage drinks a potion.
The deep elf mage is healed!
You block the hell rat's attack.
You closely miss the deep elf mage.
The deep elf mage is lightly wounded.
The smoke demon completely misses you.
The smoke demon hits you but does no damage. x2
The hell rat bites you!
* * * LOW HITPOINT WARNING * * *
The deep elf mage gestures at you while chanting.
The bolt of negative energy hits you!!
You feel drained.
Ouch! That really hurt!
You die...

▓▓▓▓▓▓▓▓▓ ▓▓▓ ..'.....♣
♣.##### ..#....♣♣♣
♣.#3__# { ###......♣
♣.#r@.# { {
..#....≈♣♣♣♣♣.###e#+###+#
..#...≈≈♣...♣.#..........
..#÷.≈≈≈≈♣♣...'.⌠........
#'#..≈≈≈≈≈≈...#...######+
..#.≈≈≈≈≈≈....#.⌠.#{ {
..#.≈≈≈≈≈.....#...#
..#.≈≈≈.......#+###{
###...........# {{


You could see a deep elf mage, a smoke demon (summoned) and a hell rat
(summoned).

Vanquished Creatures
  A water elemental (D)
  A human (D)
  A wolf (D)
  2 oozes (D)
  2 rats (D)
7 creatures vanquished.

Notes
Turn   | Place    | Note
-------+----------+-------------------------------------------
     0 | D        | mhtbhm the Formicid Fighter began the quest for the Orb.
     0 | D        | Reached XP level 1. HP: 18/18 MP: 1/1
    10 | D        | Reached XP level 2. HP: 24/25 MP: 2/2
    54 | D        | Reached skill level 5 in Shields
    54 | D        | Reached XP level 3. HP: 11/31 MP: 3/3
   265 | D        | Reached skill level 5 in Armour
   436 | D        | Gained mutation: Scrolls take you a little longer to read.
                  | [potion of mutation]
   436 | D        | Gained mutation: Your system is resistant to poisons.
                  | (rPois) [potion of mutation]
   437 | D        | Lost mutation: Scrolls take you a little longer to read.
                  | [potion of mutation]
   437 | D        | Lost mutation: Your system is resistant to poisons. (rPois)
                  | [potion of mutation]
   437 | D        | Gained mutation: Your spells are a little easier to cast,
                  | but a little less powerful. [potion of mutation]
   437 | D        | Gained mutation: Your mind is acute. (Int +2) [potion of
                  | mutation]
   437 | D        | Gained mutation: Your flesh is heat resistant. (rF+)
                  | [potion of mutation]
   437 | D        | Gained mutation: Your natural rate of healing is unusually
                  | fast. [potion of mutation]
   498 | D        | Noticed a water elemental
   515 | D        | Killed a water elemental
   515 | D        | Reached skill level 5 in Fighting
   515 | D        | Reached skill level 1 in Dodging
   515 | D        | Reached XP level 4. HP: 14/39 MP: 4/4
   515 | D        | Reached XP level 5. HP: 17/45 MP: 5/5
   624 | D        | Found a glowing silver altar of Zin.
   624 | D        | Found a glowing golden altar of the Shining One.
   624 | D        | Found a white marble altar of Elyvilon.
   625 | D        | Noticed a deep elf mage
   631 | D        | Noticed a smoke demon
   635 | D        | Noticed a redback
   638 | D        | Killed from afar by a deep elf mage

Illustrated notes

Levels and vault maps discovered:
D:        dungeon_sprint_mu [sprint_mu_entry_forest, sprint_mu_temple_rooms,
          sprint_mu_d1_horrors, sprint_mu_d2_genie, sprint_mu_d3_branching,
          sprint_mu_orc_legion, sprint_mu_elf_gauntlet, sprint_mu_hive_nellie,
          sprint_mu_lair_fedhas, sprint_mu_vaults_butterflies,
          sprint_mu_slime_circle, sprint_mu_swamp_cave, sprint_mu_shoals_archi,
          sprint_mu_blade_basic, sprint_mu_crypt_chambers,
          sprint_mu_tomb_spiral, sprint_mu_vestibule_basic,
          sprint_mu_gehenna_hellfire, sprint_mu_dis_giant,
          sprint_mu_tartarus_statrot, sprint_mu_cocytus_islands, sprint_mu_zot1]

Skill      XL: |  1  2  3 |
---------------+----------+-----
Shields        | 4 5 6 |  6.5
Fighting       | 4 5 |  5.6
Armour         | 4 6 |  6.3
Long Blades    | 3 4 |  4.1
Dodging        | 1 |  1.0
Stealth        | |  0.4

Action                   |  1- 3 |  4- 6 || total
-------------------------+-------+-------++-------
Melee: Long sword        |    47 |     8 ||    55
  Use: Potion            |     2 |     2 ||     4
Armor: Scale mail        |    15 |    11 ||    26
Dodge: Dodged            |    12 |     6 ||    18
Block: Kite shield       |    28 |     6 ||    34
       Rpst.: Long sword |     6 |     1 ||     7

Table legend: (Time is in decaauts)
 A = Elapsed time spent in this place.
 B = Non-inter-level travel time spent in this place.
 C = Inter-level travel time spent in this place.
 D = Time resting spent in this place.
 E = Time spent auto-exploring this place.
 F = Levels seen in this place.
 G = Mean time per level.
                   A        B        C        D        E       F      G
               +--------+--------+--------+--------+--------+-----+--------+
         Total |    659 |    656 |      3 |    458 |      0 |   1 |  659.0 |
       Dungeon |    659 |    656 |      3 |    458 |      0 |   1 |  659.0 |
               +--------+--------+--------+--------+--------+-----+--------+

Top non-repeatable levels by time:
       D: 659 daAuts
